 Dungeon Crawl Stone Soup version 0.16-a0-715-g16937c4 (webtiles) character file.

3838 zxrazo0rzx the Nimble (level 9, -4/71 HPs)
             Began as a Yellow Draconian Assassin on Sept 21, 2014.
             Was a Follower of Dithmenos.
             Killed from afar by a fire dragon (13 damage)
             ... with a blast of flame
             ... on Level 9 of the Dungeon.
             The game lasted 01:07:46 (9526 turns).

zxrazo0rzx the Nimble (Yellow Draconian Assassin)   Turns: 9526, Time: 01:07:46

HP  -4/71        AC 14     Str 18      XL: 9   Next: 98%
MP   9/9         EV 16     Int 11      God: Dithmenos [*.....]
Gold 90          SH  7     Dex 12      Spells:  0 memorised,  8 levels left

rFire  . . .     SeeInvis .     V - +8 cutlass of Defiance {freeze, Str+2 Dex-2}
rCold  + . .     Clarity  .     (armour unavailable)
rNeg   . . .     rCorr    +     o - +2 buckler {AC+3}
rPois  .         rRot     .     (helmet restricted)
rElec  .         Spirit   .     d - +0 cloak
SustAb .         Warding  .     (no gloves)
rMut   .         Stasis   .     R - +0 pair of boots "Xoskyig" {Slay+6 Stlth-}
Gourm  .                        (no amulet)
MR     .....                    x - +2 ring of protection
                                j - ring of protection from cold

@: wreathed by umbra, not resistant to hostile enchantments, unstealthy
A: spit acid, acid resistance, unfitting armour, cold-blooded, AC +7
a: Spit Acid, Renounce Religion


You were on level 9 of the Dungeon.
You worshipped Dithmenos.
Dithmenos was aware of your devotion.
You were not hungry.

You visited 2 branches of the dungeon, and saw 10 of its levels.
You also visited: Ossuary.

You collected 375 gold pieces.
You spent 285 gold pieces at shops.

Inventory:

Hand weapons
 a - a +2 dagger
 b - a +0 blowgun
 m - a +2 vampiric dagger
 p - a +1 dagger of flaming
 r - a +0 hunting sling of flaming
 J - a +0 dagger of venom
 K - a +1 flail of crushing
 L - a +2 vampiric short sword
 N - a +0 whip of flaming
 S - a +2 dagger of electrocution
 V - the +8 cutlass of Defiance (weapon) {freeze, Str+2 Dex-2}
   (You found it on level 9 of the Dungeon)

   It has been specially enchanted to freeze those struck by it, causing extra
   injury to most foes and up to double damage against particularly susceptible
   opponents.
   It can also slow down cold-blooded creatures.
   It affects your strength (+2).
   It affects your dexterity (-2).
Missiles
 e - 8 poisoned needles
 f - 2 curare-tipped needles
 s - 4 javelins of penetration (quivered)
 y - 19 sling bullets
Armour
 d - a +0 cloak (worn)
 o - a +2 buckler of protection (worn)
 M - a +0 animal skin
 R - the +0 pair of boots "Xoskyig" (worn) {Slay+6 Stlth-}
   (You bought it in a shop on level 8 of the Dungeon)

   It affects your accuracy and damage with ranged weapons and melee attacks
   (+6).
   It makes you less stealthy.
Magical devices
 v - a wand of confusion (15) {unknown}
 O - a wand of teleportation (0)
 U - a wand of slowing (9) {unknown}
Comestibles
 t - 6 bread rations
 P - 5 beef jerkies
 Q - 3 meat rations
Scrolls
 c - a scroll of fog {unknown}
 h - 7 scrolls of teleportation
 i - 2 scrolls of identify
 k - 5 scrolls of remove curse
 n - a scroll of magic mapping
 w - a scroll of immolation {unknown}
 B - 2 scrolls of noise {unknown}
 D - a scroll of enchant armour {unknown}
 E - a scroll of blinking {unknown}
 H - a scroll of amnesia {unknown}
Jewellery
 j - a ring of protection from cold (left hand)
 x - a +2 ring of protection (right hand)
 I - an uncursed ring of ice
Potions
 g - a potion of might {unknown}
 l - 2 potions of agility {unknown}
 q - 2 potions of poison {unknown}
 u - 2 potions of heal wounds {unknown}
 z - a potion of resistance {unknown}
 A - 2 potions of haste {unknown}
 C - a potion of invisibility
 F - a potion of beneficial mutation {unknown}
 G - a potion of curing {unknown}
 T - a potion of magic {unknown}


   Skills:
 + Level 4.1 Fighting
 + Level 3.9 Short Blades
 + Level 0.2 Maces & Flails
 + Level 0.1(3.4) Slings
 + Level 5.6 Throwing
 + Level 9.4 Dodging
 + Level 5.1 Stealth
 + Level 5.4 Shields


You had 8 spell levels left.
You didn't know any spells.

Dungeon Overview and Level Annotations

Branches:
Dungeon (9/15)             Temple (1/1) D:7
    Orc: D:9-12        Lair: D:8-11

Altars:
Ashenzari
Cheibriados
Dithmenos
Elyvilon
Fedhas
Gozag
Kikubaaqudgha
Makhleb
Nemelex Xobeh
Okawaru
Qazlal
Ru
Sif Muna
Trog
Vehumet
Yredelemnul
Zin
The Shining One

Shops:
D:6 *   D:8 *


Innate Abilities, Weirdness & Mutations

You can spit globs of acid.
You can corrode armour when you spit acid.
You are resistant to acid.
Your golden yellow scales are hard (AC +7).
Your body does not fit into most forms of armour.
Your cold-blooded metabolism reacts poorly to cold.


Message History

You puncture the fire dragon! You freeze the fire dragon.
The fire dragon is lightly wounded.
The fire dragon bites you.
The fire dragon claws you but does no damage.
The fire dragon tramples you!
You stumble backwards!
You completely miss the fire dragon.
The fire dragon is lightly wounded.
The fire dragon misses you. You block the fire dragon's attack.
The fire dragon tramples you.
You stumble backwards!
As you read the scroll of teleportation, it crumbles to dust.
You feel strangely unstable. The fire dragon barely misses you.
You block the fire dragon's attack. The fire dragon completely misses you.
The fire dragon breathes flames at you. The blast of flame hits you!
Ouch! That really hurt!
* * * LOW HITPOINT WARNING * * *
Your surroundings seem slightly different.
The fire dragon breathes flames at you. The blast of flame hits you!
You die...

###### .≈≈≈≈..###
..≈≈≈....## ###
.≈≈≈.....@### #..
≈≈≈≈....%....##### #.#
≈≈≈≈......D..§...######
###
≈≈≈........#####......#
#.. ≈≈.......##
######.###.. ≈≈≈...####
#.%##.. ###### ##.##..
####.#### #....##..


You could see a fire dragon.

Vanquished Creatures
  Pikel (D:7)
  A deep elf mage (D:8)
  2 hippogriffs
  Edmund (D:6)
  2 sky beasts (D:7)
  2 ice beasts
  3 ogres
  4 slaves
  A phantom (D:7)
  3 big kobolds
  8 giant frogs
  4 scorpions
  A hippogriff skeleton (D:7)
  A jelly (D:7)
  3 killer bees (D:7)
  A goliath beetle (D:7)
  2 vampire bats (D:5)
  2 quasits
  2 giant frog skeletons
  4 hounds
  4 worker ants
  A basilisk skeleton (D:9)
  A black bear skeleton (D:8)
  3 crimson imps
  6 orc wizards
  4 orc priests
  An iguana (D:6)
  Ijyb (D:4)
  10 adders
  11 gnolls
  4 worms
  4 giant geckos
  17 orcs
  14 bats
  2 bat skeletons (D:5)
  4 bat zombies (D:5)
  4 giant cockroaches
  13 goblins
  12 hobgoblins
  5 jackals
  An ooze (D:3)
  2 quokkas
  A giant gecko skeleton (D:4)
  6 giant newts
  24 kobolds
  3 orc zombies
  31 rats
  A rat skeleton (D:4)
  12 ballistomycetes (D:7)
250 creatures vanquished.

Vanquished Creatures (others)
  A giant spore (D:7)
1 creature vanquished.

Grand Total: 251 creatures vanquished

Notes
Turn   | Place    | Note
--------------------------------------------------------------
     0 | D:1      | zxrazo0rzx, the Draconian Assassin, began the quest for the Orb.
     0 | D:1      | Reached XP level 1. HP: 17/17 MP: 1/1
    33 | D:1      | Reached skill level 4 in Stealth
    33 | D:1      | Reached XP level 2. HP: 9/24 MP: 2/2
   505 | D:1      | Reached XP level 3. HP: 29/29 MP: 3/3
   778 | D:2      | Found an opulent altar of Gozag.
   802 | D:2      | Reached skill level 1 in Dodging
  1326 | D:2      | Reached XP level 4. HP: 37/37 MP: 4/4
  2423 | D:3      | Reached XP level 5. HP: 42/42 MP: 5/5
  2482 | D:3      | Found a sparkling altar of Nemelex Xobeh.
  2802 | D:4      | Reached skill level 1 in Shields
  2812 | D:4      | Found a sand-covered staircase.
  2961 | Ossuary  | Entered an ossuary
  3125 | D:4      | Noticed an ogre
  3141 | D:4      | Killed an ogre
  3141 | D:4      | Reached XP level 6. HP: 50/50 MP: 6/6
  3184 | D:4      | Reached skill level 5 in Stealth
  3304 | D:4      | Noticed Ijyb
  3364 | D:4      | Killed Ijyb
  3808 | D:5      | Entered Level 5 of the Dungeon
  3839 | D:5      | Your scales start taking on a golden yellow colour.
  3839 | D:5      | Reached XP level 7. HP: 41/56 MP: 7/7
  3958 | D:5      | Found a glowing silver altar of Zin.
  4134 | D:5      | Found a burning altar of Makhleb.
  4185 | D:5      | Found an ancient bone altar of Kikubaaqudgha.
  4307 | D:5      | Found a glowing silver altar of Zin.
  4308 | D:5      | Found a snail-covered altar of Cheibriados.
  4474 | D:6      | Noticed Edmund
  4689 | D:6      | Killed Edmund
  4689 | D:6      | Reached skill level 5 in Dodging
  4917 | D:6      | Reached XP level 8. HP: 56/63 MP: 8/8
  5084 | D:6      | Found Suupoxzo's Elemental Accessories.
  5367 | D:7      | Reached skill level 6 in Dodging
  6119 | D:7      | Noticed Pikel
  6464 | D:7      | Reached skill level 7 in Dodging
  6540 | D:7      | Reached skill level 5 in Throwing
  6599 | D:7      | Reached XP level 9. HP: 69/71 MP: 9/9
  6764 | D:7      | Killed Pikel
  6898 | D:7      | Found a staircase to the Ecumenical Temple.
  6909 | Temple   | Entered the Ecumenical Temple
  6926 | Temple   | Became a worshipper of Dithmenos the Shadowed
  7581 | D:7      | Reached skill level 8 in Dodging
  8283 | D:8      | Reached skill level 9 in Dodging
  8283 | D:8      | Reached skill level 5 in Shields
  8318 | D:8      | Found an iron altar of Okawaru.
  8327 | D:8      | Found Qyin's Assorted Antiques.
  8331 | D:8      | Bought a pair of faintly glowing boots for 285 gold pieces
  8338 | D:8      | Identified the +0 pair of boots "Xoskyig" {Slay+6 Stlth-} (You bought it in a shop on level 8 of the Dungeon)
  9273 | D:9      | Got a twisted cutlass
  9274 | D:9      | Identified the +8 cutlass of Defiance {freeze, Str+2 Dex-2} (You found it on level 9 of the Dungeon)
  9514 | D:9      | Noticed a fire dragon
  9526 | D:9      | Killed from afar by a fire dragon

Action                   |  1- 3 |  4- 6 |  7- 9 || total
-------------------------+-------+-------+-------++-------
Melee: Dagger            |    70 |   197 |   893 ||  1160
       Blowgun           |       |     3 |       ||     3
       Flail             |       |       |    11 ||    11
       Cutlass           |       |       |    22 ||    22
 Fire: Blowgun           |    44 |    87 |    83 ||   214
       Hunting sling     |       |    13 |       ||    13
Throw: Javelin           |       |       |     8 ||     8
 Abil: Spit Acid         |       |       |    11 ||    11
  Use: Potion            |     1 |       |       ||     1
       Scroll            |       |       |    14 ||    14
 Stab: Sleeping          |    10 |    13 |     3 ||    26
       Distracted        |       |     1 |     2 ||     3
  Eat: Bread ration      |     1 |       |     3 ||     4
       Beef jerky        |       |     1 |     3 ||     4
       Meat ration       |       |     1 |     1 ||     2
